 Dungeon Crawl Stone Soup version 0.26-a0-665-gefeb406119 (webtiles) character file.

Game seed: 2225760396548162460

190 sahdkjhfkaj the Conjurer (level 5, -8/28 HPs)
             Began as a Tengu Conjurer on Oct 14, 2020.
             Mangled by a wight
             ... wielding a +0 great sword
              (17 damage)
             ... on level 3 of the Dungeon.
             The game lasted 00:06:39 (4147 turns).

sahdkjhfkaj the Conjurer (Tengu Conjurer)           Turns: 4147, Time: 00:06:40

Health: -8/28      AC:  5    Str: 13    XL:     5   Next: 69%
Magic:  12/12      EV: 12    Int: 20    God:
Gold:   121        SH:  0    Dex: 12    Spells: 9/12 levels left

rFire    . . .     SeeInvis .   a - +0 dagger
rCold    . . .     Faith    .   (no shield)
rNeg     . . .     Spirit   .   p - +0 ring mail
rPois    .         Reflect  .   (helmet restricted)
rElec    .         Harm     .   (no cloak)
rCorr    .         Rampage  .   (no gloves)
MR       .....                  (boots unavailable)
Stlth    +.........             (no amulet)
HPRegen  0.09/turn              f - +6 ring of strength
MPRegen  0.13/turn              (no ring)

@: flying quickly and evasively, drained, quick
A: beak, talons 3, able to fly
a: Stop Flying


You were on level 3 of the Dungeon.
You visited 1 branch of the dungeon, and saw 4 of its levels.

You collected 121 gold pieces.

Inventory:

Hand Weapons
 a - a +0 dagger (weapon)
Armour
 p - a +0 ring mail (worn)
Jewellery
 f - a +6 ring of strength (left hand)
Scrolls
 b - a scroll of amnesia {unknown}
 c - 3 scrolls of fog
 d - a scroll of magic mapping
 g - a scroll of teleportation {unknown}
 k - 3 scrolls of enchant armour
 l - a scroll of fear {unknown}
 n - a scroll of random uselessness {unknown}
 o - 3 scrolls of remove curse
Potions
 e - 2 potions of curing {unknown}
 h - a potion of heal wounds
 j - a potion of berserk rage
 m - a potion of stabbing


   Skills:
 - Level 2.1(1.2) Dodging
 - Level 2.0(1.0) Stealth
 + Level 4.2(3.1) Spellcasting
 - Level 7.1(5.9) Conjurations


You had 9 spell levels left.
You knew the following spells:

 Your Spells              Type           Power        Failure   Level
a - Magic Dart            Conj           ####         2%          1
b - Searing Ray           Conj           ####..       4%          2

Your spell library contained the following spells:

 Spells                   Type           Power        Failure   Level
 Dazzling Flash           Conj/Hex       ###...       26%         3
 Fulminant Prism          Conj/Hex       ###.......   65%         4
 Iskenderun's Mystic Bla  Conj/Tloc      ###.....     65%         4


Dungeon Overview and Level Annotations

Branches:
Dungeon (4/15)
 Temple: D:4-7

Altars:
Fedhas


Innate Abilities, Weirdness & Mutations

You have a beak for a mouth.
You have claws for feet.
You can fly continuously.


Message History

* * * LOW HITPOINT WARNING * * *
You climb upwards.
There is a stone staircase leading down here.
Okay, then.
Unknown command.
Unknown command.
The wight hits you with a cursed +2 dagger.
* * * LOW HITPOINT WARNING * * *
You feel drained.
You see here a cursed -1 club.
The wight completely misses you.
You swoop lightly up into the air.
You feel very comfortable in the air.
There is a stone staircase leading up here.
You see here a +0 club.
There is a stone staircase leading down here.
Okay, then.
Unknown command.
The wight hits you with a +0 great sword!
Ouch! That really hurt!
You die...

z....#.....# #.####........#
z.####.##### #..#.####''####
.......# ##.#.# #.......
z..##### #.#.# ######## ...#
#...# #..# ##########..#
#..# #.z.....##..# ...#
#.#####.##..# ### ##.#
#.#.z@..##..# #.# ##.#
#....#####..###.# ##.#
###..#....#.....# ...#
#....#...z.##.#
###############.###.z##.##.#
.#......z.z...#.#....##.##z#
....<########z#.#....##.##.#
#..### #.#.z.#####.##.#
...##########z###.#####.#.)#


You could see a wight.

Vanquished Creatures
  An orc wizard (D:3)
  7 adders
  An adder skeleton (D:3)
  A worm (D:2)
  2 leopard geckos
  11 orcs
  A ball python (D:3)
  2 giant cockroaches
  6 goblins
  11 hobgoblins
  5 jackals (D:3)
  3 quokkas
  7 bats
  3 frilled lizards
  7 kobolds
  8 rats
  4 toadstools (D:1)
80 creatures vanquished.

Notes
Turn   | Place    | Note
-------+----------+-------------------------------------------
     0 | D:1      | sahdkjhfkaj the Tengu Conjurer began the quest for the Orb.
     0 | D:1      | Reached XP level 1. HP: 10/10 MP: 4/4
   130 | D:1      | Reached XP level 2. HP: 15/15 MP: 3/6
   134 | D:1      | Learned a level 2 spell: Searing Ray
   189 | D:1      | Reached skill level 6 in Conjurations
  1157 | D:2      | Reached XP level 3. HP: 12/19 MP: 0/7
  1527 | D:2      | Reached skill level 7 in Conjurations
  1803 | D:2      | Reached XP level 4. HP: 24/24 MP: 5/8
  2107 | D:2      | Found a blossoming altar of Fedhas.
  3127 | D:3      | Gained mutation: You can fly continuously. [Tengu growth]
  3127 | D:3      | Reached XP level 5. HP: 28/28 MP: 5/10
  4049 | D:3      | HP: 1/28 [wight/cursed +2 dagger (2)]
  4147 | D:3      | Mangled by a wight

Illustrated notes

Levels and vault maps discovered:
D:1:      ldierk_walled_garden_2, layout_basic
D:2:      layout_loops_corners, fedhas_altar_4
D:3:      layout_basic, minivault_24, kennysheep_cross_room
D:4:      layout_rooms, gammafunk_temple_overflow_elements,
          gammafunk_ghost_split, solitary_fountain, bloody_trog, uniq_pikel

Skill      XL: |  1  2  3  4  5 |
---------------+----------------+-----
Conjurations   | 6 7 |  7.1
Spellcasting   | 3 4 |  4.2
Dodging        | |  2.1
Stealth        | |  2.0

Action                   |  1- 3 |  4- 6 || total
-------------------------+-------+-------++-------
Melee: Unarmed           |     9 |       ||     9
       Kick              |     3 |     4 ||     7
       Dagger            |       |    12 ||    12
       Peck              |       |     2 ||     2
 Cast: Magic Dart        |    63 |    82 ||   145
       Searing Ray       |     2 |     6 ||     8
 Abil: Fly               |       |     1 ||     1
  Use: Scroll            |     2 |     4 ||     6
       Potion            |       |     1 ||     1
Armor: Robe              |     1 |       ||     1
       Ring mail         |       |     6 ||     6
Dodge: Dodged            |     6 |    15 ||    21

Table legend: (Time is in decaauts)
 A = Elapsed time spent in this place.
 B = Non-inter-level travel time spent in this place.
 C = Inter-level travel time spent in this place.
 D = Time resting spent in this place.
 E = Time spent auto-exploring this place.
 F = Levels seen in this place.
 G = Mean time per level.
                   A        B        C        D        E       F      G
               +--------+--------+--------+--------+--------+-----+--------+
         Total |   4142 |   3989 |    153 |    427 |   3084 |   4 | 1035.5 |
       Dungeon |   4142 |   3989 |    153 |    427 |   3084 |   4 | 1035.5 |
               +--------+--------+--------+--------+--------+-----+--------+

Top non-repeatable levels by time:
     D:3: 1703 daAuts
     D:2: 1321 daAuts
     D:1: 1084 daAuts
     D:4: 32 daAuts
